 Dungeon Crawl Stone Soup version 0.28-a0-265-g048bc9fd10 (webtiles) character file.

Game seed: 4439008261654834534

2747 theanonym the Chopper (level 9, 0/71 HPs)
             Began as a Mummy Delver on Aug 27, 2021.
             Was a Believer of Yredelemnul.
             Slain by a killer bee (7 damage)
             ... on level 8 of the Dungeon.
             The game lasted 00:13:53 (11173 turns).

theanonym the Chopper (Mummy Delver)               Turns: 11173, Time: 00:13:54

Health: 0/71       AC: 12    Str: 24    XL:     9   Next: 41%
Magic:  12/12      EV:  6    Int:  9    God:    Yredelemnul [**....]
Gold:   374        SH: 10    Dex: 20    Spells: 8/8 levels left

rFire   x . .      SeeInvis .   a - +0 war axe
rCold   + . .      Faith    .   b - +0 kite shield
rNeg    + + +      Spirit   .   i - +0 chain mail
rPois   ∞          Reflect  .   h - +1 helmet
rElec   .          Harm     .   g - +1 cloak
rCorr   .          Rampage  .   (no gloves)
Will    .....                   (no boots)
Stlth   ..........              (no amulet)
HPRegen 0.21/turn               n - +6 ring of dexterity
MPRegen 0.13/turn               e - +6 ring of strength

@: weak-willed
A: cold resistance 1, negative energy resistance 3, torment resistance 2, heat
vulnerability 1, no potions
a: Renounce Religion, Animate Remains, Recall Undead Slaves, Injury Mirror


Innate Abilities, Weirdness & Mutations

You are immune to poison.
Your flesh is cold resistant. (rC+)
You are immune to negative energy. (rN+++)
You are immune to unholy pain and torment.
You are vulnerable to heat. (rF-)
You do not drink.


   Skills:
 + Level 6.7 Fighting
 * Level 7.4 Axes
 - Level 1.5 Armour
 - Level 1.5 Dodging
 - Level 4.1 Stealth
 + Level 3.6 Shields
 + Level 4.8 Invocations


You had 8 spell levels left.
You didn't know any spells.
Your spell library contained the following spells:

 Spells                   Type           Power      Damage    Failure   Level
 Corpse Rot               Necr/Air       N/A        N/A       100%        2
 Airstrike                Air            0%         N/A       100%        4
 Dispel Undead            Necr           0%         3d6       100%        4
 Summon Lightning Spire   Summ/Air       0%         N/A       100%        4
 Lightning Bolt           Conj/Air       0%         1d11      100%        5
 Death Channel            Necr           0%         N/A       100%        6

Skill      XL: |  1  2  3  4  5  6  7  8  9 |
---------------+----------------------------+-----
Axes           | 2 3 4 5 6 7 |  7.4
Armour         | 1 |  1.5
Fighting       | 4 5 6 |  6.7
Invocations    | 1 2 3 4 |  4.8
Shields        | 1 3 |  3.6
Dodging        | |  1.5
Stealth        | |  4.1

Action                   |  1- 3 |  4- 6 |  7- 9 || total
-------------------------+-------+-------+-------++-------
Melee: Hand axe          |    60 |   337 |   164 ||   561
       War axe           |       |       |    42 ||    42
Invok: Animate Remains   |       |    20 |    22 ||    42
       Recall Undead Sla |       |     2 |     1 ||     3
Evoke: Wand              |       |     7 |    22 ||    29
  Use: Scroll            |       |     3 |     5 ||     8
 Stab: Sleeping          |     3 |    13 |       ||    16
       Distracted        |       |     5 |     1 ||     6
Armor: Leather armour    |    30 |    58 |       ||    88
       Scale mail        |       |    97 |    53 ||   150
       Chain mail        |       |       |    60 ||    60
Dodge: Dodged            |    24 |   194 |    68 ||   286
Block: Kite shield       |       |       |   134 ||   134

Inventory:

Hand Weapons
 a - a +0 war axe (weapon)
Armour
 b - a +0 kite shield (worn)
 g - a +1 cloak (worn)
 h - a +1 helmet (worn)
 i - a +0 chain mail (worn)
Jewellery
 e - a +6 ring of strength (right hand)
 n - a +6 ring of dexterity (left hand)
Wands
 c - a wand of digging (6)
 j - a wand of mindburst (3)
 k - a wand of iceblast (6)
 w - a wand of flame (19)
Scrolls
 d - a scroll of brand weapon
 f - 5 scrolls of fog
 l - a scroll of amnesia
 m - 3 scrolls of enchant weapon
 y - 4 scrolls of magic mapping


You were on level 8 of the Dungeon.
You worshipped Yredelemnul.
Yredelemnul was pleased with you.
You visited 1 branch of the dungeon, and saw 8 of its levels.

You collected 374 gold pieces.

Dungeon Overview and Level Annotations

Branches:
Dungeon (8/15)             Temple (0/1) D:7
   Lair: D:8-11

Altars:
Dithmenos
Elyvilon
Fedhas
Hepliaklqana
Kikubaaqudgha
Okawaru
Ru
Uskayaw
Yredelemnul
Zin
The Shining One

Annotations:
D:8 Joseph

###.##..y..##....#...>
#.....y#.......## .
#.#.#...........###..
...####..............
....
...###..#.............
...>. ....#
#...##.##......#####....
...#
##......#..##..##.......
#.#
##....y##....#......#...
#......@...#...........#
##.......###.##.....#..#
#####...##..#......#...
#..........#..#^....
#..........#..##.##.
###.......#..###.##.
####...##### ####. #####
## #


You could see 2 killer bees.

Notes
Turn   | Place    | Note
-------+----------+-------------------------------------------
     0 | D:5      | theanonym the Mummy Delver began the quest for the Orb.
     0 | D:5      | Reached XP level 1. HP: 18/18 MP: 1/1
    22 | D:5      | Found a basalt altar of Yredelemnul.
    39 | D:5      | Became a worshipper of Yredelemnul the Dark
    67 | D:5      | Found an iron altar of Okawaru.
    74 | D:5      | HP: 9/18 [orc (1)]
    75 | D:5      | HP: 3/18 [orc (6)]
   329 | D:5      | Noticed an orc wizard
   338 | D:5      | Noticed an orc wizard
   340 | D:5      | HP: 9/18 [orc wizard/magic dart (9)]
   743 | D:4      | Reached skill level 2 in Axes
   743 | D:4      | Reached XP level 2. HP: 21/24 MP: 2/2
   915 | D:4      | HP: 10/24 [water moccasin skeleton (5)]
   917 | D:4      | Reached skill level 1 in Armour
   917 | D:4      | Reached XP level 3. HP: 12/29 MP: 3/3
  1102 | D:4      | Noticed an ogre
  1203 | D:4      | Found a sacrificial altar of Ru.
  1209 | D:4      | Reached XP level 4. HP: 35/35 MP: 4/4
  1417 | D:3      | Found a hide-covered altar of Uskayaw.
  1779 | D:2      | Reached skill level 3 in Axes
  1829 | D:2      | You fall into a shaft and drop 2 floors!
  1975 | D:2      | Reached * piety under Yredelemnul
  3013 | D:1      | Reached XP level 5. HP: 42/42 MP: 5/5
  3719 | D:2      | Found a faded altar of an unknown god.
  4361 | D:3      | Reached ** piety under Yredelemnul
  4436 | D:3      | Noticed Natasha
  4447 | D:3      | Killed Natasha
  4644 | D:3      | Noticed Natasha
  4654 | D:3      | Killed Natasha
  4655 | D:3      | Reached skill level 4 in Fighting
  4744 | D:3      | Reached skill level 1 in Invocations
  4834 | D:3      | Noticed Natasha
  4842 | D:3      | Killed Natasha
  4992 | D:4      | Found a shadowy altar of Dithmenos.
  5342 | D:4      | Killed an ogre
  5343 | D:4      | Reached skill level 4 in Axes
  5343 | D:4      | Reached XP level 6. HP: 48/48 MP: 5/7
  5825 | D:5      | HP: 21/49 [something/magic dart (5)]
  6104 | D:5      | Reached skill level 2 in Invocations
  6461 | D:5      | Noticed an ice beast
  6475 | D:5      | HP: 23/49 [ice beast (3)]
  6524 | D:5      | HP: 23/49 [orc (2)]
  6529 | D:5      | HP: 19/49 [orc (5)]
  6826 | D:5      | Killed an ice beast
  6827 | D:5      | Reached XP level 7. HP: 55/55 MP: 8/8
  7082 | D:6      | HP: 25/55 [something/puff of flame (13)]
  7481 | D:5      | Reached skill level 5 in Axes
  8069 | D:6      | Reached skill level 5 in Fighting
  8296 | D:6      | Noticed an angel
  8328 | D:6      | Found a hazy altar of Hepliaklqana.
  8396 | D:6      | Reached skill level 1 in Shields
  8463 | D:6      | Reached skill level 3 in Invocations
  8569 | D:6      | Noticed a troll
  8575 | D:6      | HP: 24/56 [troll (7)]
  8577 | D:6      | Killed a troll
  8578 | D:6      | Reached XP level 8. HP: 21/63 MP: 10/10
  8584 | D:6      | HP: 18/63 [howler monkey zombie (4)]
  9094 | D:6      | Reached skill level 2 in Shields
  9253 | D:7      | Reached skill level 6 in Axes
  9464 | D:7      | HP: 26/64 [ogre (8)]
  9711 | D:7      | Reached skill level 6 in Fighting
  9711 | D:7      | Reached skill level 4 in Invocations
  9716 | D:7      | Found a staircase to the Ecumenical Temple.
 10038 | D:7      | Reached skill level 3 in Shields
 10038 | D:7      | Reached XP level 9. HP: 44/69 MP: 12/12
 10442 | D:7      | Found an ancient bone altar of Kikubaaqudgha.
 10444 | D:7      | Found a blossoming altar of Fedhas.
 10682 | D:8      | Noticed Erica
 10706 | D:7      | HP: 35/70 [scorpion zombie[the player character] (5)]
 10713 | D:7      | HP: 29/70 [something (8)]
 10718 | D:7      | Killed Erica
 10719 | D:7      | Reached skill level 7 in Axes
 11161 | D:8      | Noticed Joseph
 11166 | D:8      | HP: 30/71 [wyvern (13)]
 11167 | D:8      | HP: 13/71 [wyvern (12)]
 11172 | D:8      | HP: 7/71 [killer bee (5)]
 11173 | D:8      | Slain by a killer bee

Vanquished Creatures
  Erica (D:7)
  A troll (D:6)
  A steam dragon (D:7)
  2 ice beasts
  2 orc warriors
  An ogre (D:4)
  A centaur (D:7)
  A phantom (D:7)
  2 bullfrogs
  A kobold brigand (D:6)
  2 scorpions
  2 water moccasin zombies (D:5)
  A wyvern skeleton (D:6)
  A water moccasin skeleton (D:4)
  4 killer bees (D:7)
  A centaur zombie (D:7)
  A centaur skeleton (D:7)
  An iguana (D:6)
  Natasha (thrice) (D:3)
  6 orc wizards
  A killer bee zombie (D:8)
  A howler monkey zombie (D:7)
  5 adders
  A shadow imp (D:5)
  A white imp (D:6)
  3 ufetubi
  A worm (D:3)
  2 dart slugs
  11 orcs
  7 ball pythons
  5 endoplasms
  6 giant cockroaches
  9 goblins
  8 hobgoblins
  4 jackals
  7 kobolds
  3 quokkas
  6 bats
  7 frilled lizards
  4 rats
127 creatures vanquished.

Vanquished Creatures (collateral kills)
  An ogre (D:7)
  A centaur (D:5)
  2 hounds
  A howler monkey zombie (D:6)
  6 orcs
  A ball python (D:2)
  An endoplasm (D:1)
  2 giant cockroaches (D:1)
15 creatures vanquished.

Vanquished Creatures (others)
  A scorpion zombie (D:7)
  An ogre zombie (D:7)
  An adder zombie (D:5)
  A ball python zombie (D:2)
  2 bullfrog zombies
  A centaur zombie (D:7)
  A goblin zombie (D:2)
  A killer bee zombie (D:7)
  6 orc zombies
  A rat zombie (D:2)
  A plant (D:7)
  3 withered plants (D:7)
20 creatures vanquished.

Grand Total: 162 creatures vanquished

Table legend: (Time is in decaauts)
 A = Elapsed time spent in this place.
 B = Non-inter-level travel time spent in this place.
 C = Inter-level travel time spent in this place.
 D = Time resting spent in this place.
 E = Time spent auto-exploring this place.
 F = Levels seen in this place.
 G = Mean time per level.
                   A        B        C        D        E       F      G
               +--------+--------+--------+--------+--------+-----+--------+
         Total |  11296 |  10791 |    505 |   3779 |   5366 |   8 | 1412.0 |
       Dungeon |  11296 |  10791 |    505 |   3779 |   5366 |   8 | 1412.0 |
               +--------+--------+--------+--------+--------+-----+--------+

Top non-repeatable levels by time:
     D:5: 2785 daAuts
     D:7: 1785 daAuts
     D:4: 1574 daAuts
     D:2: 1508 daAuts
     D:6: 1257 daAuts
     D:3: 1201 daAuts
     D:1: 925 daAuts
     D:8: 259 daAuts
